AoeStats
← mryendl2410

Arabia

509097367Analyzed
4v4 RM · 7d ago on Sep 25, 2026· 34m 38s· 8 players
Game mode
Random Map
Map size
Large (8 player)
Population
200
Speed
Normal
Resources
Standard
Victory
Conquest
Starting age
Dark Age
Ending age
Imperial Age
RankedLock teamsTeams togetherTeam positionsShared explorationLock speedFull tech treeHidden civsTurbo modeCheats
Victory
Defeat
🇵🇪 Franks · Peru
1422
+14
🇯🇵 Britons · Japan
1328
+18
🇨🇳 Vietnamese · China
1315
+18
🇨🇳 Magyars · China
1311
+18
🇻🇳 Ethiopians · Vietnam
1415
-19
🇧🇩 Magyars · Bangladesh
1368
-17
🇭🇰 Danes · Hong Kong SAR China
1341
-16
🇻🇳 Hindustanis · Vietnam
1338
-16
Archer_4794
10:49 Feudal Age
11:54 Double-Bit Axe
13:00 Horse Collar
17:22 Wheelbarrow
18:17 Loom
21:15 Castle Age
19:43 Fletching
20:10 Padded Archer Armor
20:52 Arson
20:29 Man-at-Arms
21:31 Scale Mail Armor
21:45 Gambesons
21:41 Long Swordsman
22:41 Chain Mail Armor
23:13 Bow Saw
23:52 Gold Mining
30:24 Stone Mining
31:03 Forging
32:27 Pikeman
Gunslinger
6:04 Loom
9:02 Feudal Age
9:57 Double-Bit Axe
13:00 Horse Collar
17:02 Scale Barding Armor
20:46 Bloodlines
21:23 Bloodlines
27:06 Castle Age
25:03 Gold Mining
27:17 Light Cavalry
28:21 Chain Barding Armor
29:12 Bow Saw
32:23 Gold Shaft Mining
32:31 Husbandry
35:09 Wheelbarrow
mryendl2410
6:05 Loom
8:51 Feudal Age
9:57 Double-Bit Axe
15:43 Fletching
18:12 Wheelbarrow
19:12 Horse Collar
24:05 Castle Age
22:34 Padded Archer Armor
25:13 Bodkin Arrow
24:39 Crossbowman
28:24 Leather Archer Armor
30:25 Ballistics
33:31 Gold Mining
piecardinap
7:39 Loom
10:01 Feudal Age
10:39 Double-Bit Axe
11:30 Horse Collar
15:03 Scale Barding Armor
26:56 Castle Age
29:28 Bloodlines
BigBanana
6:45 Loom
9:18 Feudal Age
10:36 Wheelbarrow
9:48 Double-Bit Axe
14:11 Forging
14:19 Town Watch
15:07 Scale Barding Armor
26:24 Castle Age
25:00 Gold Mining
25:02 Stone Mining
26:28 Light Cavalry
27:33 Chain Barding Armor
26:59 Double-Bit Axe
28:01 Bow Saw
32:07 Iron Casting
34:20 Gold Shaft Mining
grifon_5th
6:15 Loom
8:44 Feudal Age
11:37 Double-Bit Axe
15:47 Wheelbarrow
17:38 Fletching
22:54 Castle Age
21:15 Padded Archer Armor
23:00 Crossbowman
23:37 Bodkin Arrow
24:16 Bow Saw
24:50 Leather Archer Armor
24:19 Horse Collar
26:34 Ballistics
32:21 Hand Cart
XHK
6:19 Loom
9:19 Feudal Age
9:51 Double-Bit Axe
10:24 Horse Collar
13:52 Scale Barding Armor
20:53 Castle Age
21:44 Husbandry
21:55 Bloodlines
21:05 Light Cavalry
22:07 Bow Saw
21:55 Light Cavalry
24:12 Husbandry
24:39 Chain Barding Armor
26:08 Gold Mining
27:31 Wheelbarrow
28:30 Husbandry
28:49 Town Watch
35:05 Gold Shaft Mining
菜菜
6:11 Loom
8:50 Feudal Age
9:27 Double-Bit Axe
13:57 Fletching
15:20 Padded Archer Armor
15:33 Horse Collar
19:47 Gold Mining
26:24 Castle Age
27:16 Bow Saw
27:02 Bodkin Arrow
26:28 Crossbowman
28:02 Wheelbarrow
27:58 Heavy Plow
28:15 Leather Archer Armor
29:22 Ballistics
28:56 Stone Mining
29:36 Hand Cart
33:58 Stone Shaft Mining
Connection lost

Rejoining the realm…

Still unreachable

The connection could not be restored.

Session expired

The server has moved on; the page needs a fresh start.